 Dungeon Crawl Stone Soup version 0.30.0-15-g856e2d3f33 (webtiles) character file.

Game seed: 8323490705243803519

124 SnakkuSnakku7 the Trooper (level 5, 0/46 HPs)
             Began as a Ghoul Hexslinger on May 20, 2023.
             Slain by an adder (1 damage)
             ... on level 3 of the Dungeon.
             The game lasted 00:02:46 (1685 turns).

SnakkuSnakku7 the Trooper (Ghoul Hexslinger)        Turns: 1685, Time: 00:02:47

Health: 0/46       AC:  5    Str: 16    XL:     5   Next: 8%
Magic:  5/5        EV: 10    Int:  8    God:
Gold:   37         SH:  0    Dex:  9    Spells: 5/6 levels left

rFire   . .          .
                       - Unarmed
rCold   + . .        (no shield)
rNeg    + + +        d - +0 ring mail
rPois   ∞            (no helmet)
rElec   .            (no cloak)
rCorr   .            (no gloves)
SInv    .            (no boots)
Will    .....        (no amulet) Stlth
                     (no ring)
HPRegen 0.00/turn    (no ring)
MPRegen 0.09/turn

%: no passive effects
@: mighty, attractive, inhibited regen
A: claws 1, cold resistance 1, negative energy resistance 3, inhibited
regeneration, torment resistance 2, devour on kill
a: no special abilities


You were on level 3 of the Dungeon.
You visited 1 branch of the dungeon, and saw 3 of its levels.

You collected 88 gold pieces.
You spent 51 gold pieces at shops.

Inventory:

Hand Weapons
 a - a +1 sling
Armour
 c - a +0 robe
 d - a +0 ring mail (worn)
Scrolls
 b - a scroll of poison
 f - a scroll of immolation {unknown}
 g - a scroll of fog {unknown}
 h - a scroll of enchant armour {unknown}
 i - a scroll of magic mapping {unknown}
 k - a scroll of vulnerability {unknown}
 l - 2 scrolls of identify {unknown}
 o - a scroll of fear {unknown}
 p - a scroll of noise {unknown}
Potions
 e - a potion of invisibility
 j - 2 potions of might
 m - a potion of brilliance {unknown}
 n - a potion of berserk rage {unknown}
 q - a potion of haste {unknown}
 r - a potion of attraction


   Skills:
 + Level 3.7 Fighting
 - Level 1.7 Ranged Weapons
 - Level 1.7 Dodging
 + Level 3.4 Unarmed Combat
 - Level 1.0 Spellcasting
 - Level 2.4 Hexes


You had 5 spell levels left.
You knew the following spells:

 Your Spells              Type           Power      Damage    Failure   Level
a - Slow                  Hex            16%        N/A       28%         1

Your spell library contained the following spells:

 Spells                   Type           Power      Damage    Failure   Level
 Inner Flame              Hex/Fire       2%         N/A       80%         3
 Portal Projectile        Hex/Tloc       4%         N/A       80%         3
 Cause Fear               Hex            2%         N/A       96%         4


Dungeon Overview and Level Annotations

Branches:
Dungeon (3/15)

Altars:

Shops:
D:2 *


Innate Abilities, Weirdness & Mutations

You are immune to poison.
You have sharp fingernails.
Your flesh is cold resistant. (rC+)
You are immune to negative energy. (rN+++)
You do not regenerate when monsters are visible.
You are immune to unholy pain and torment.
You thrive by killing the living.


Message History

You claw the orc wizard!
You kill the orc wizard!
An orc comes into view. It is wielding a +0 falchion.
The kobold throws a stone.
The stone closely misses you.
You have reached level 5!
You feel stronger.
An adder comes into view.
The adder hisses angrily.
The kobold throws a stone.
The stone hits you but does no damage. The adder closely misses you.
You closely miss the adder. The adder bites you but does no damage.
You scratch the adder.
The adder is lightly wounded.
The adder barely misses you.
The kobold throws a stone.
The stone hits you but does no damage.
You miss the adder.
The adder is lightly wounded.
The adder barely misses you.
A hobgoblin comes into view.
The adder bites you.
* * * LOW HITPOINT WARNING * * *
The hobgoblin shouts!
You scratch the adder.
The adder is moderately wounded.
The adder bites you.
* * * LOW HITPOINT WARNING * * *
The kobold hits you but does no damage.
You scratch the adder. Your claw misses the adder.
The adder is heavily wounded.
The adder bites you but does no damage. The orc barely misses you.
The kobold barely misses you.
It was a potion of might.
You feel very mighty all of a sudden. The adder closely misses you.
The orc closely misses you.
The kobold hits you with a +1 dagger of venom.
* * * LOW HITPOINT WARNING * * *
It was a potion of attraction.
You feel attractive to monsters. The adder bites you.
You die...

#...###.#######.#
#...# #....# #.#
#...# ####.# #.#
##### #.# #.#
#.####.# #......#
##
##############.##
..# #....gS.#
#..#.[.##
#@######..o....#
#.Koo....#.....#
###########o...#
....# #....#
#.... ).## .#


You could see an adder, 2 orcs, a hobgoblin and a kobold.

Vanquished Creatures
  An orc wizard (D:3)
  2 adders
  2 gnolls
  2 worms (D:2)
  A dart slug (D:1)
  4 orcs (D:3)
  4 ball pythons
  5 endoplasms
  2 giant cockroaches (D:3)
  3 hobgoblins (D:2)
  4 jackals (D:1)
  2 quokkas (D:2)
  7 bats
  4 frilled lizards
  4 goblins
  A kobold (D:1)
48 creatures vanquished.

Notes
Turn   | Place    | Note
-------+----------+-------------------------------------------
     0 | D:1      | SnakkuSnakku7 the Ghoul Hexslinger began the quest for the
                  | Orb.
     0 | D:1      | Reached XP level 1. HP: 16/16 MP: 1/1
   178 | D:1      | Found a faded altar of an unknown god.
   222 | D:1      | Reached skill level 1 in Unarmed Combat
   252 | D:1      | Reached XP level 2. HP: 24/24 MP: 2/2
   804 | D:2      | Reached XP level 3. HP: 26/29 MP: 3/3
  1226 | D:2      | Found Xiyka's Assorted Antiques.
  1234 | D:2      | Bought a scroll labelled ZIETAN GOOKAU for 27 gold pieces
  1234 | D:2      | Bought a smoky coppery potion for 24 gold pieces
  1376 | D:2      | Reached XP level 4. HP: 36/37 MP: 4/4
  1677 | D:3      | Reached XP level 5. HP: 11/46 MP: 5/5
  1684 | D:3      | HP: 1/46 [kobold/+1 dagger of venom (4)]
  1685 | D:3      | Slain by an adder

Illustrated notes

Levels and vault maps discovered:
D:1:      dpeg_arrival_tiny_i, layout_loops_cross, basic_ecumenical_altar
D:2:      layout_basic, serial_shops, shop
D:3:      layout_basic

Skill      XL: |  1  2  3  4 |
---------------+-------------+-----
Unarmed Combat | 1 2 3 |  3.4
Fighting       | 2 3 |  3.7
Ranged Weapons | |  1.7
Dodging        | |  1.7
Spellcasting   | |  1.0
Hexes          | |  2.4

Action                     |  1- 3 |  4- 6 || total
---------------------------+-------+-------++-------
  Melee: Unarmed           |   160 |    79 ||   239
         Punch             |     2 |     2 ||     4
   Fire: Sling             |     6 |       ||     6
    Use: Potion            |       |     2 ||     2
 Armour: Ring mail         |    75 |    31 ||   106
  Dodge: Dodged            |   114 |    53 ||   167
